 Dungeon Crawl Stone Soup version 0.25-a0-424-g80bd347ae0 (webtiles) character file.

Game seed: 12376452231472894933, levelgen mode: deterministic

4237 Hasart the Geomancer (level 9, -15/64 HPs)
             Began as a Demigod Earth Elementalist on Jan 21, 2020.
             Demolished by a freezing wraith (20 damage)
             ... on level 10 of the Dungeon.
             The game lasted 00:25:00 (10982 turns).

Hasart the Geomancer (Demigod Earth Elementalist)  Turns: 10982, Time: 00:25:02

Health: -15/64     AC:  6    Str: 11    XL:     9   Next: 83%
Magic:  0/20       EV: 15    Int: 30    God:
Gold:   543        SH:  0    Dex: 20    Spells: 9/18 levels left

rFire    + . .     SeeInvis .   E - +4 scimitar (flame)
rCold    . . .     Gourm    .   (no shield)
rNeg     . . .     Faith    .   M - +2 leather armour {rF+}
rPois    .         Spirit   +   (no helmet)
rElec    .         Reflect  .   o - scarf {Spirit}
rCorr    .         Harm     .   F - +0 pair of gloves
MR       .....                  (no boots)
Stlth    ++........             (no amulet)
HPRegen  0.20/turn              D - +5 ring of intelligence
MPRegen  0.17/turn              H - +4 ring of dexterity

@: slowed, very slow
A: high mp 1
a: no special abilities


You were on level 10 of the Dungeon.
You were not hungry.

You visited 1 branch of the dungeon, and saw 10 of its levels.
You also visited: Ossuary.

You collected 543 gold pieces.

Inventory:

Hand Weapons
 c - a +2 short sword of venom
 E - a +4 scimitar of flaming (weapon)
 G - the cursed +1 spear of Karma {freeze, rPois rC- MR+}
   (You found it on level 8 of the Dungeon)

   It has been specially enchanted to freeze those struck by it, causing extra
   injury to most foes and up to half again as much damage against particularly
   susceptible opponents.
   It can also slow down cold-blooded creatures.
   It makes you vulnerable to cold.
   It protects you from poison.
   It affects your resistance to hostile enchantments.
   It has a curse placed upon it.
Missiles
 b - 154 stones
 m - 65 poisoned darts (quivered)
 y - 8 javelins
Armour
 i - a +2 robe of fire resistance
 l - a +0 shield
 o - a scarf of spirit shield (worn)
 F - a +0 pair of gloves (worn)
 M - a +2 leather armour of fire resistance (worn)
Jewellery
 D - a +5 ring of intelligence (left hand)
 H - a +4 ring of dexterity (right hand)
 J - an uncursed ring of ice
Wands
 r - a wand of acid (19)
 B - a wand of digging (6)
Scrolls
 e - 6 scrolls of remove curse {unknown}
 f - 8 scrolls of magic mapping {unknown}
 g - 2 scrolls of enchant armour {unknown}
 h - 7 scrolls of identify
 j - 3 scrolls of immolation {unknown}
 p - a scroll of blinking {unknown}
 x - 2 scrolls of teleportation {unknown}
 z - a scroll of amnesia {unknown}
 K - a scroll of fog {unknown}
 L - a scroll of holy word {unknown}
 N - a scroll of brand weapon {unknown}
 O - a scroll of random uselessness {unknown}
Potions
 a - 7 potions of curing {unknown}
 k - 5 potions of lignification {unknown}
 n - a potion of resistance
 q - 4 potions of brilliance {unknown}
 s - 3 potions of flight {unknown}
 t - 3 potions of berserk rage
 u - 2 potions of magic {unknown}
 v - 2 potions of invisibility
 w - a potion of agility {unknown}
 A - a potion of haste
 C - 2 potions of heal wounds {unknown}
 I - a potion of ambrosia {unknown}
Comestibles
 d - 15 rations


   Skills:
 - Level 1.2 Fighting
 - Level 1.4(2.0) Short Blades
 + Level 2.1(2.3) Long Blades
   Level 0.5 Maces & Flails
 - Level 1.2 Throwing
 + Level 0.7 Armour
 - Level 5.0 Dodging
 - Level 2.8 Stealth
 + Level 5.2 Spellcasting
 + Level 4.7 Conjurations
   Level 0.8 Transmutations
 * Level 8.1 Earth Magic
 + Level 4.7 Evocations


You had 9 spell levels left.
You knew the following spells:

 Your Spells              Type           Power        Failure   Level  Hunger
a - Sandblast             Erth           ######       1%          1    None
b - Stone Arrow           Conj/Erth      #####.       1%          3    None
c - Lee's Rapid Deconstr  Erth           ######....   8%          5    #####..

Your spell library contained the following spells:

 Spells                   Type           Power        Failure   Level  Hunger
 Passwall                 Tmut/Erth      ####....     1%          2    None
 Animate Skeleton         Necr           N/A          8%          1    None
 Apportation              Tloc           #.....       8%          1    None
 Corona                   Hex            #......      8%          1    None
 Summon Small Mammal      Summ           #...         8%          1    None
 Dazzling Flash           Conj/Hex       ###...       9%          3    None
 Ensorcelled Hibernation  Hex/Ice        #.....       12%         2    None
 Petrify                  Tmut/Erth      ####....     12%         4    ###....
 Confusing Touch          Hex            #.......     22%         3    None
 Tukima's Dance           Hex            #.......     22%         3    None


Dungeon Overview and Level Annotations

Branches:
Dungeon (10/15)            Temple (0/1) D:6         Ossuary (visited)
   Lair: D:8-11         Orc: D:9-12


Innate Abilities, Weirdness & Mutations

You have an increased reservoir of magic. (+10% MP)


Message History

Aim: a freezing wraith (heavily damaged)
The blast of sand hits the freezing wraith!
The freezing wraith is almost destroyed.
b - 155 stones The freezing wraith barely misses you.
The freezing wraith closely misses you. The freezing wraith hits you!
The freezing wraith freezes you!
* * * LOW HITPOINT WARNING * * *
The freezing wraith barely misses you.
Casting: Sandblast (safe; 1% risk of failure)
Confirm with . or Enter, or press ? or * to list all spells.
Aiming: Sandblast (safe; 1% risk of failure)
Press: ? - help, Shift-Dir - straight line, f/p - freezing wraith
Aim: a freezing wraith (almost destroyed)
The blast of sand hits the freezing wraith but does no damage.
The freezing wraith is almost destroyed.
b - 154 stones The freezing wraith hits you.
* * * LOW HITPOINT WARNING * * *
The freezing wraith freezes you!!
You die...

#.... #......# #.§.
#)...##########.###§§§§
..............####§§§§.
..............+....§§§.
............#......._
..........#+.......
##'####......#§§§..
#.W...'......##§..§
#.@...#......###§§.
#.....#......####§.
#.....#............
#..##'#............
#..##.####......###
........ #......#
#......... +......#
#....##....#......###
#.. ....###+#.....


You could see a freezing wraith.

Vanquished Creatures
  Erica (D:8)
  A hippogriff (D:9)
  Sigmund (D:3)
  2 wyverns
  2 water moccasins
  2 ice beasts
  2 sky beasts
  A black bear (D:10)
  An orc warrior (D:9)
  A phantom (D:9)
  3 ogres
  2 centaurs
  An elf zombie (Ossuary)
  3 bullfrogs
  2 wyvern zombies
  3 scorpions
  2 howler monkeys
  A crimson imp (D:7)
  4 centaur zombies
  2 hounds
  3 orc priests
  A jelly (D:5)
  8 orc wizards
  An iguana (D:5)
  5 worker ants
  A hound skeleton (D:7)
  2 mummies (Ossuary)
  2 worker ant zombies
  Robin (D:3)
  6 gnolls
  4 adders
  3 oozes
  2 adder skeletons
  2 adder zombies
  3 worms
  5 dart slugs
  5 leopard geckos
  33 orcs
  9 bats
  3 giant cockroaches
  22 goblins
  10 hobgoblins
  8 jackals
  4 kobolds
  5 quokkas
  4 frilled lizards
  A goblin zombie (Ossuary)
  9 hobgoblin zombies (Ossuary)
  2 jackal zombies
  11 kobold zombies (Ossuary)
  A leopard gecko skeleton (D:8)
  8 orc zombies (Ossuary)
  9 rats
  A rat zombie (Ossuary)
231 creatures vanquished.

Vanquished Creatures (others)
  5 plants (D:10)
5 creatures vanquished.

Grand Total: 236 creatures vanquished

Notes
Turn   | Place    | Note
-------+----------+-------------------------------------------
     0 | D:1      | Hasart the Demigod Earth Elementalist began the quest for
                  | the Orb.
     0 | D:1      | Reached XP level 1. HP: 14/14 MP: 5/5
    94 | D:1      | Reached skill level 3 in Earth Magic
   101 | D:1      | Reached XP level 2. HP: 13/20 MP: 2/7
  1089 | D:2      | Reached XP level 3. HP: 11/27 MP: 8/8
  1306 | D:2      | Found a stormy altar of Qazlal.
  2282 | D:2      | Found a sparkling altar of Nemelex Xobeh.
  2497 | D:2      | Reached XP level 4. HP: 32/34 MP: 8/10
  2536 | D:2      | Learned a level 3 spell: Stone Arrow
  2590 | D:3      | Noticed Sigmund
  2591 | D:3      | Found a hazy altar of Hepliaklqana.
  3245 | D:3      | Killed Sigmund
  3245 | D:3      | Reached skill level 1 in Fighting
  3245 | D:3      | Reached skill level 1 in Short Blades
  3245 | D:3      | Reached skill level 1 in Throwing
  3245 | D:3      | Reached XP level 5. HP: 23/40 MP: 7/11
  3507 | D:3      | Found a shimmering altar of Xom.
  3564 | D:3      | Noticed Robin
  3725 | D:3      | Killed Robin
  4191 | D:4      | Reached XP level 6. HP: 45/47 MP: 7/13
  4344 | D:3      | Learned a level 5 spell: Lee's Rapid Deconstruction
  4352 | D:4      | Reached skill level 4 in Earth Magic
  4837 | D:4      | Reached skill level 1 in Conjurations
  4837 | D:4      | Reached skill level 1 in Evocations
  5423 | D:5      | Entered Level 5 of the Dungeon
  5448 | D:5      | Reached XP level 7. HP: 52/52 MP: 10/14
  5857 | D:5      | Found a sand-covered staircase.
  5867 | Ossuary  | Entered an ossuary
  6116 | Ossuary  | Reached skill level 5 in Earth Magic
  6444 | D:5      | Found a blossoming altar of Fedhas.
  6497 | D:5      | Noticed a wyvern
  6505 | D:5      | Killed a wyvern
  6505 | D:5      | Reached XP level 8. HP: 40/59 MP: 5/16
  7198 | D:6      | Found a staircase to the Ecumenical Temple.
  7596 | D:6      | Found a sacrificial altar of Ru.
  7790 | D:6      | Reached skill level 6 in Earth Magic
  8148 | D:7      | Found a glowing golden altar of the Shining One.
  8791 | D:8      | Noticed Erica
  8794 | D:8      | Killed Erica
  8958 | D:8      | Reached skill level 7 in Earth Magic
  8958 | D:8      | Reached XP level 9. HP: 60/64 MP: 15/19
  9041 | D:8      | Got a twisted spear
  9042 | D:8      | Identified the cursed +1 spear of Karma {freeze, rPois rC-
                  | MR+} (You found it on level 8 of the Dungeon)
  9370 | D:8      | Reached skill level 5 in Dodging
  9799 | D:9      | Reached skill level 1 in Long Blades
  9799 | D:9      | Reached skill level 5 in Spellcasting
 10021 | D:9      | Reached skill level 8 in Earth Magic
 10161 | D:9      | Found a shadowy altar of Dithmenos.
 10600 | D:10     | Entered Level 10 of the Dungeon
 10938 | D:10     | Found a shadowy altar of Dithmenos.
 10973 | D:10     | Noticed a freezing wraith
 10982 | D:10     | Demolished by a freezing wraith

Levels and vault maps discovered:
D:1:      psy_arrival_terrarium, layout_basic
D:2:      layout_basic, nicolae_overflow_hidden_temple, lemuel_round_altar
D:3:      layout_rooms, lemuel_crystal_altar, xom_teletrap_fun, uniq_robin,
          uniq_sigmund
D:4:      layout_gridville, st_stairs_14
D:5:      layout_loops_ring, fedhas_altar_3,
          lightli_ossuary_entry_decrepit_ruins, first_ration
D:6:      layout_basic, nicolae_ru_the_path_less_chosen,
          minmay_temple_entry_trees
D:7:      layout_cave_pods, kennysheep_little_box
D:8:      layout_basic, uniq_erica
D:9:      layout_loops_ring, lemuel_crystal_altar, grunt_ogre_cave
D:10:     layout_gridville, david_lair_shrubbed, nicolae_dithmenos_the_darkroom

Skill      XL: |  1  2  3  4  5  6  7  8  9 |
---------------+----------------------------+-----
Earth Magic    | 3 4 5 7 8 |  8.1
Stealth        | 2 |  2.8
Spellcasting   | 2 3 4 5 |  5.2
Dodging        | 2 3 4 5 |  5.0
Fighting       | 1 |  1.2
Short Blades   | 1 |  1.4
Throwing       | 1 |  1.2
Conjurations   | 1 2 3 4 |  4.7
Evocations     | 1 2 3 4 |  4.7
Long Blades    | 2 |  2.1
Maces & Flails | |  0.5
Armour         | |  0.7
Transmutations | |  0.8

Action                   |  1- 3 |  4- 6 |  7- 9 || total
-------------------------+-------+-------+-------++-------
Melee: Club              |    83 |       |       ||    83
       Short sword       |    47 |   109 |   299 ||   455
       Dagger            |       |    50 |       ||    50
       Scimitar          |       |       |    51 ||    51
Throw: Dart              |       |    28 |       ||    28
 Cast: Sandblast         |    22 |    49 |    48 ||   119
       Stone Arrow       |       |     2 |    13 ||    15
       Lee's Rapid Decon |       |       |    15 ||    15
Evoke: Wand              |       |       |     1 ||     1
  Use: Scroll            |       |       |     1 ||     1
 Stab: Sleeping          |     3 |     3 |     6 ||    12
  Eat: Chunk             |     5 |    10 |    18 ||    33
       Ration            |       |       |     1 ||     1
Armor: Robe              |    29 |    41 |    54 ||   124
       Leather armour    |       |       |     6 ||     6
Dodge: Dodged            |   118 |   185 |   252 ||   555
       Rpst.: Scimitar   |       |       |    14 ||    14

Table legend:
 A = Non-vault XP
 B = Vault XP
 C = Vault XP percentage of total XP
 D = Non-vault monster count
 E = Vault monster count
 F = Vault count percentage of total count
                 A         B        C        D         E       F
            +---------+---------+-------+---------+---------+-------
      Total |    4400 |    1653 |  27.3 |     177 |      54 |  23.4
            +---------+---------+-------+---------+---------+-------
        D:1 |      44 |       0 |   0.0 |      24 |       0 |   0.0
        D:2 |      82 |       2 |   2.4 |      27 |       1 |   3.6
        D:3 |      32 |     258 |  89.0 |      15 |      12 |  44.4
        D:4 |     353 |      74 |  17.3 |      22 |       1 |   4.3
        D:5 |     604 |       0 |   0.0 |      15 |       0 |   0.0
        D:6 |     420 |       0 |   0.0 |      28 |       0 |   0.0
        D:7 |     227 |       0 |   0.0 |       5 |       0 |   0.0
        D:8 |     943 |     902 |  48.9 |      19 |       1 |   5.0
        D:9 |    1250 |     109 |   8.0 |      13 |       1 |   7.1
       D:10 |     445 |       0 |   0.0 |       9 |       0 |   0.0
    Ossuary |       0 |     308 | 100.0 |       0 |      38 | 100.0
            +---------+---------+-------+---------+---------+-------
